 Dungeon Crawl Stone Soup version 0.21.2 (webtiles) character file.

65231 Gildeon the Severer (level 14, -3/121 HPs)
             Began as a Minotaur Fighter on Sept 27, 2018.
             Was a High Priest of the Shining One.
             Killed from afar by a ynoxinul (33 damage)
             ... with an iron shot
             ... summoned by an orc high priest
             ... on level 2 of the Orcish Mines.
             The game lasted 01:20:58 (22032 turns).

Gildeon the Severer (Minotaur Fighter)             Turns: 22032, Time: 01:20:59

Health: -3/121     AC: 19    Str: 28    XL:     14   Next: 74%
Magic:  15/20      EV: 13    Int:  9    God:    the Shining One [*****.]
Gold:   1479       SH: 14    Dex: 16    Spells: 0/15 levels left

rFire    + + .     SeeInvis .   a - +3 war axe
rCold    . . .     Gourm    .   c - +0 shield
rNeg     + + .     Faith    .   q - +3 plate armour {rF+}
rPois    .         Spirit   .   v - +2 hat
rElec    .         Reflect  .   d - +0 cloak
rCorr    .         Harm     .   o - +0 pair of gloves
MR       +....                  C - +0 pair of boots of the Other Side {Str+3 Int+4}
Stlth    ..........             (no amulet)
HPRegen  0.30/turn              F - +5 ring of dexterity
MPRegen  0.17/turn              w - ring of protection from fire

@: lethally poisoned (-3 -> -6), corroded, glowing, studying Summonings
A: retaliatory headbutt, horns 2
a: Divine Shield, Cleansing Flame, Summon Divine Warrior, Renounce Religion


You were on level 2 of the Orcish Mines.
You worshipped the Shining One.
The Shining One was extremely pleased with you.
You were not hungry.

You visited 4 branches of the dungeon, and saw 19 of its levels.
You also visited: Bailey.

You collected 1839 gold pieces.
You spent 360 gold pieces at shops.

Inventory:

Hand Weapons
 a - a +3 war axe (weapon)
 D - the +7 mace of Insomnia {flame, MR++ Str+7 Dex-2, unknown}
   (You took it off a kobold in a bailey)

   It has been specially enchanted to burn those struck by it, causing extra
   injury to most foes and up to half again as much damage against particularly
   susceptible opponents.
   It affects your strength (+7).
   It affects your dexterity (-2).
   It affects your resistance to hostile enchantments.
Armour
 c - a +0 shield (worn)
 d - a +0 cloak (worn)
 o - a +0 pair of gloves (worn)
 q - a +3 plate armour of fire resistance (worn)
 v - a +2 hat (worn)
 C - the +0 pair of boots of the Other Side (worn) {Str+3 Int+4}
   (You found it on level 9 of the Dungeon)

   It affects your strength (+3).
   It affects your intelligence (+4).
Jewellery
 w - a ring of protection from fire (right hand)
 z - an uncursed ring of flight
 E - an uncursed ring of positive energy
 F - a +5 ring of dexterity (left hand)
Wands
 j - a wand of disintegration (9)
 p - a wand of acid (13)
 x - a wand of flame (13)
 H - a wand of iceblast (9)
Scrolls
 b - 3 scrolls of teleportation
 e - 12 scrolls of remove curse
 s - a scroll of magic mapping
 t - a scroll of fear
 u - a scroll of fog
 y - a scroll of holy word
 I - a scroll of enchant armour
Potions
 i - 2 potions of cancellation
 k - 4 potions of curing
 l - a potion of resistance
 n - 3 potions of flight
 A - a potion of lignification
Books
 m - a book of Battle

   Spells                             Type                      Level
   a - Infusion                       Charms                       1
   b - Shroud of Golubria             Charms/Translocation         2
   c - Song of Slaying                Charms                       2
   d - Spectral Weapon                Hexes/Charms                 3
   e - Regeneration                   Charms/Necromancy            3
 B - a manual of Summonings
Comestibles
 f - 30 rations
 g - 36 chunks of flesh


   Skills:
 - Level 10.0 Fighting
 - Level 16.0 Axes
 - Level 10.0 Armour
 - Level 10.0 Dodging
 + Level 12.4 Shields
 + Level 1.2 Spellcasting
 - Level 1.0 Hexes
 - Level 1.0 Charms
 - Level 1.0 Translocations
 - Level 2.0 Transmutations
 - Level 1.0 Poison Magic
 + Level 9.6 Invocations
 + Level 9.1 Evocations


You couldn't memorise any spells.
You knew the following spells:

 Your Spells              Type           Power        Failure   Level  Hunger
a - Apportation           Tloc           #.....       95%         1    ##.....
b - Infusion              Chrm           #...         95%         1    ##.....
c - Song of Slaying       Chrm           #.......     99%         2    ###....
d - Lesser Beckoning      Tloc           #.........   100%        3    ####...
e - Tukima's Dance        Hex            #.......     100%        3    ####...
f - Alistair's Intoxicat  Tmut/Pois      #.......     100%        5    ######.


Dungeon Overview and Level Annotations

Branches:
Dungeon (10/15)            Temple (1/1) D:4            Lair (6/6) D:8
 Shoals (0/4) Lair:4        Snake (0/4) Lair:2        Slime (0/5) Lair:6
    Orc (2/2) D:10            Elf (0/3) Orc:2

Altars:
Ashenzari
Cheibriados
Dithmenos
Elyvilon
Fedhas
Gozag
Hepliaklqana
Kikubaaqudgha
Makhleb
Nemelex Xobeh
Okawaru
Qazlal
Ru
Sif Muna
Trog
Uskayaw
Vehumet
Wu Jian
Xom
Yredelemnul
Zin
The Shining One
Beogh

Shops:
D:5 }   Orc:2 ?

Annotations:
Lair:2 exclusion: oklob plant
Lair:5 Nessos


Innate Abilities, Weirdness & Mutations

You reflexively headbutt those who attack you in melee.
You have a pair of horns on your head.


Message History

The golden flame engulfs the ufetubus.
The ufetubus writhes in agony!
You kill the ufetubus!
The golden flame engulfs the ufetubus.
The ufetubus writhes in agony!
You kill the ufetubus!
The golden flame engulfs the ufetubus.
The ufetubus writhes in agony!
You kill the ufetubus!
The golden flame engulfs the ufetubus.
The ufetubus writhes in agony!
You kill the ufetubus!
The golden flame engulfs the ufetubus.
The ufetubus writhes in agony!
You kill the ufetubus!
You feel somewhat more hungry.
You hear a shout! x2
The orc high priest utters an invocation to Beogh.
The rust devil hits you. The rust devil corrodes you!
Unknown command.
The orc high priest hits you but does no damage.
You are more poisoned.
The ynoxinul gestures at you. The iron shot hits you!
You die...

##.....))).......
##.....5.().......
##.#..#.).#........
#......#.............
###.....#...............
##.#.....................#
#.....##..3o.............#
#........................##
##.#......4@3.............##
#####.#......)............#
###........)...#.......
##...........#.......
##.....#.....).......
##.#..##...)..........
#................##..#
##.........)......# ..
###...........#.##


You could see a soul eater, an orc high priest, a rust devil, a ynoxinul and an
ufetubus.

Vanquished Creatures
  Gastronok (Lair:3)
  Snorg (Orc:2)
  5 hydras
  3 catoblepae (Lair:6)
  6 two-headed ogres
  7 death yaks (Lair:6)
  4 orc high priests (Orc:2)
  2 orc knights
  An orc sorcerer (Orc:2)
  An oklob plant (Lair:6)
  2 manticores (Lair:6)
  2 cyclopes (D:10)
  26 elephants
  4 black mambas
  16 spiny frogs
  A gargoyle (D:10)
  A torpor snail (Lair:6)
  9 komodo dragons
  3 rime drakes
  4 trolls
  A hornet (D:10)
  10 blink frogs
  13 dream sheep (Lair:6)
  A snapping turtle (Lair:4)
  5 hippogriffs
  Sigmund (D:4)
  A shadow (D:8)
  2 wyverns (Lair:4)
  2 basilisks
  35 yaks
  2 hungry ghosts
  4 wargs
  A soldier ant (D:10)
  18 water moccasins
  8 porcupines
  2 ice beasts
  3 sky beasts
  29 orc warriors
  3 black bears
  A necrophage (D:7)
  2 eyes of draining
  10 wolves
  6 ogres
  The ghost of p0werm0de the Grave Robber, an amateur GnNe (D:4)
  2 centaurs (D:9)
  Blork the orc (D:5)
  3 crocodiles
  A big kobold (D:9)
  14 bullfrogs
  A wyvern skeleton (D:7)
  5 killer bees (D:10)
  An electric eel (Lair:2)
  A howler monkey (D:10)
  8 crimson imps
  2 quasits
  A bullfrog zombie (D:10)
  5 hounds
  34 orc wizards
  25 orc priests
  2 bullfrog skeletons
  2 centaur skeletons
  3 jellies
  Crazy Yiuf (D:7)
  Ijyb (D:3)
  6 iguanas
  6 worker ants
  A hound zombie (D:10)
  2 hound skeletons (D:10)
  14 adders
  6 gnolls
  2 shadow imps (D:5)
  An ooze (D:1)
  An adder zombie (D:7)
  An adder skeleton (D:7)
  2 worms
  3 dart slugs
  4 leopard geckos
  83 orcs
  5 bats
  6 giant cockroaches
  22 goblins
  10 hobgoblins
  2 jackals (D:9)
  6 quokkas
  A ball python (D:3)
  4 frilled lizards
  2 jackal zombies (D:8)
  26 kobolds
  2 rats
  10 fungi
  8 plants (Lair:2)
609 creatures vanquished.

Vanquished Creatures (collateral kills)
  An orc warrior (Orc:2)
  An orc priest (Orc:2)
  An orc wizard (Orc:2)
3 creatures vanquished.

Vanquished Creatures (others)
  8 fungi
  10 plants (Lair:6)
18 creatures vanquished.

Grand Total: 630 creatures vanquished

Notes
Turn   | Place    | Note
-------+----------+-------------------------------------------
     0 | D:1      | Gildeon the Minotaur Fighter began the quest for the Orb.
     0 | D:1      | Reached XP level 1. HP: 19/19 MP: 0/0
    91 | D:1      | Reached XP level 2. HP: 27/27 MP: 1/1
   119 | D:1      | Reached skill level 3 in Axes
   232 | D:1      | Reached skill level 1 in Dodging
   779 | D:2      | Reached XP level 3. HP: 29/33 MP: 2/2
  1225 | D:2      | Found a stormy altar of Qazlal.
  1236 | D:2      | Found a hazy altar of Hepliaklqana.
  1435 | D:2      | Reached XP level 4. HP: 40/40 MP: 3/3
  1660 | D:3      | Reached skill level 4 in Axes
  1660 | D:3      | Reached XP level 5. HP: 17/47 MP: 4/4
  1929 | D:3      | Noticed Ijyb
  1937 | D:3      | Killed Ijyb
  2516 | D:3      | Reached XP level 6. HP: 48/53 MP: 5/5
  2629 | D:4      | Found an ancient bone altar of Kikubaaqudgha.
  2695 | D:4      | Noticed p0werm0de's ghost (amateur GnNe)
  2707 | D:4      | Killed p0werm0de's ghost
  2707 | D:4      | Reached skill level 5 in Axes
  2708 | D:4      | Found a white marble altar of Elyvilon.
  2741 | D:4      | Reached skill level 5 in Fighting
  2885 | D:4      | Found a glowing golden altar of the Shining One.
  2890 | D:4      | Became a worshipper of the Shining One
  2962 | D:4      | Found a staircase to the Ecumenical Temple.
  2971 | Temple   | Entered the Ecumenical Temple
  3233 | D:4      | Noticed Sigmund
  3251 | D:4      | Killed Sigmund
  3251 | D:4      | Reached skill level 5 in Armour
  3251 | D:4      | Reached skill level 5 in Shields
  3251 | D:4      | Reached skill level 1 in Evocations
  3251 | D:4      | Reached XP level 7. HP: 26/61 MP: 6/6
  3499 | D:4      | Reached skill level 6 in Axes
  3684 | D:5      | Entered Level 5 of the Dungeon
  3690 | D:5      | Found a radiant altar of Vehumet.
  3763 | D:5      | Noticed Blork the orc
  3770 | D:5      | Killed Blork the orc
  3770 | D:5      | Reached skill level 1 in Invocations
  4216 | D:5      | Found Sasoaxoh's Gadget Emporium.
  4310 | D:5      | Found a shadowy altar of Dithmenos.
  4330 | D:6      | Found a basalt altar of Yredelemnul.
  4370 | D:6      | Found a shimmering altar of Xom.
  4376 | D:6      | Reached XP level 8. HP: 44/68 MP: 8/8
  4380 | D:6      | Reached skill level 7 in Axes
  4658 | D:6      | Found a deep blue altar of Sif Muna.
  4959 | D:7      | Reached skill level 8 in Axes
  4993 | D:7      | Reached * piety under the Shining One
  5007 | D:7      | Reached skill level 5 in Dodging
  5172 | D:7      | Reached XP level 9. HP: 65/74 MP: 10/10
  5280 | D:7      | Reached skill level 9 in Axes
  5400 | D:7      | Found a runed door.
  5404 | D:7      | Noticed Crazy Yiuf
  5409 | D:7      | Killed Crazy Yiuf
  5639 | D:8      | Noticed a two-headed ogre
  5648 | D:8      | Killed a two-headed ogre
  5648 | D:8      | Reached skill level 10 in Axes
  5700 | D:8      | Reached ** piety under the Shining One
  5798 | D:8      | Found an iron altar of Okawaru.
  5851 | D:8      | Found a staircase to the Lair.
  5858 | D:8      | Reached XP level 10. HP: 21/81 MP: 12/12
  6361 | Lair:1   | Entered Level 1 of the Lair of Beasts
  6449 | Lair:1   | Reached skill level 5 in Invocations
  6575 | Lair:1   | Noticed a spiny frog
  6589 | Lair:1   | Killed a spiny frog
  6589 | Lair:1   | Reached skill level 11 in Axes
  6589 | Lair:1   | Reached skill level 5 in Evocations
  6900 | Lair:1   | Noticed a spiny frog
  6907 | Lair:1   | Killed a spiny frog
  6913 | Lair:1   | Noticed a spiny frog
  6925 | Lair:1   | Killed a spiny frog
  7255 | Lair:1   | Noticed an elephant
  7259 | Lair:1   | Noticed an elephant
  7261 | Lair:1   | Noticed an elephant
  7263 | Lair:1   | Killed an elephant
  7272 | Lair:1   | Killed an elephant
  7283 | Lair:1   | Killed an elephant
  7706 | Lair:2   | Noticed a spiny frog
  7726 | Lair:1   | Killed a spiny frog
  7982 | Lair:2   | Reached XP level 11. HP: 66/89 MP: 14/14
  8000 | Lair:2   | Reached skill level 12 in Axes
  8967 | Lair:2   | Found a staircase to the Snake Pit.
  9339 | Lair:2   | Noticed a four-headed hydra
  9355 | Lair:2   | Killed a four-headed hydra
  9907 | Lair:2   | Noticed a seven-headed hydra
  9917 | Lair:2   | Killed a nine-headed hydra
 10042 | Lair:2   | Found a blossoming altar of Fedhas.
 10057 | Lair:2   | Noticed an oklob plant
 10531 | Lair:3   | Reached skill level 13 in Axes
 10531 | Lair:3   | Reached skill level 10 in Shields
 11016 | Lair:3   | Noticed Gastronok
 11034 | Lair:3   | Killed Gastronok
 11034 | Lair:3   | Reached XP level 12. HP: 84/100 MP: 16/16
 11514 | Lair:4   | Noticed a seven-headed hydra
 11525 | Lair:4   | Killed a seven-headed hydra
 12547 | Lair:4   | Found a staircase to the Shoals.
 12730 | Lair:5   | Reached skill level 14 in Axes
 13223 | Lair:5   | Reached *** piety under the Shining One
 13328 | Lair:5   | Learned a level 1 spell: Apportation
 13332 | Lair:5   | Learned a level 3 spell: Lesser Beckoning
 13336 | Lair:5   | Learned a level 3 spell: Tukima's Dance
 13596 | Lair:5   | Noticed an eight-headed hydra
 13601 | Lair:5   | Noticed Nessos
 13615 | Lair:4   | Killed an eight-headed hydra
 13615 | Lair:4   | Reached XP level 13. HP: 66/108 MP: 17/17
 14107 | Lair:6   | Entered Level 6 of the Lair of Beasts
 14703 | Lair:6   | Found a staircase to the Slime Pits.
 15311 | Lair:6   | Reached skill level 15 in Axes
 15364 | Lair:6   | Learned a level 1 spell: Summon Butterflies
 16905 | Lair:6   | Reached **** piety under the Shining One
 16921 | Lair:6   | Reached XP level 14. HP: 92/119 MP: 19/19
 16987 | Lair:6   | Reached skill level 10 in Armour
 17416 | Lair:6   | Learned a level 5 spell: Alistair's Intoxication
 17580 | Lair:6   | Reached skill level 10 in Fighting
 18173 | D:9      | Got a pair of spiked boots
 18179 | D:9      | Identified the cursed +0 pair of boots of the Other Side {Str+3 Int+4} (You found it on level 9 of the Dungeon)
 18228 | D:9      | Found a flagged portal.
 18249 | Bailey   | Entered a bailey
 18327 | Bailey   | Got a blackened mace {flame}
 18681 | D:9      | Found a burning altar of Makhleb.
 18713 | D:9      | Found an ornate altar of the Wu Jian Council.
 19136 | D:10     | Entered Level 10 of the Dungeon
 19139 | D:10     | Learned a level 1 spell: Infusion
 19207 | D:10     | Found a staircase to the Orcish Mines.
 19928 | D:10     | Reached ***** piety under the Shining One
 20028 | Orc:1    | Entered Level 1 of the Orcish Mines
 20148 | Orc:1    | Reached skill level 16 in Axes
 20148 | Orc:1    | Reached skill level 1 in Transmutations
 20181 | Orc:1    | Reached skill level 1 in Translocations
 20181 | Orc:1    | Reached skill level 1 in Poison Magic
 20645 | Orc:2    | Entered Level 2 of the Orcish Mines
 20645 | Orc:2    | Found a staircase to the Elven Halls.
 20683 | Orc:2    | Found Towaciz's Magic Scroll Emporium.
 20688 | Orc:2    | Noticed Snorg
 20705 | Orc:2    | Killed Snorg
 20771 | Orc:2    | Bought a scroll of magic mapping for 56 gold pieces
 20771 | Orc:2    | Bought a scroll of summoning for 152 gold pieces
 20771 | Orc:2    | Bought a scroll of enchant armour for 120 gold pieces
 20771 | Orc:2    | Bought a scroll of identify for 32 gold pieces
 20876 | Orc:2    | Found a roughly hewn altar of Beogh.
 21133 | Orc:2    | Reached skill level 10 in Dodging
 21158 | Orc:2    | HP: 5/121 [orc priest/divine providence (12)]
 21749 | Orc:2    | Reached skill level 1 in Spellcasting
 21749 | Orc:2    | Reached skill level 1 in Hexes
 21749 | Orc:2    | Reached skill level 1 in Charms
 21759 | Orc:2    | Learned a level 2 spell: Song of Slaying
 22032 | Orc:2    | Killed from afar by a ynoxinul

Skill      XL: |  1  2  3  4  5  6  7  8  9 10 11 12 13 14 |
---------------+-------------------------------------------+-----
Axes           | 3 4 5 6 8 10 11 13 14 15 16 | 16.0
Dodging        | 1 2 3 4 5 7 8 9 10 | 10.0
Fighting       | 4 5 6 7 8 9 10 | 10.0
Shields        | 4 5 6 8 9 10 11 12 | 12.4
Armour         | 4 5 6 7 8 9 10 | 10.0
Evocations     | 1 3 4 5 6 7 8 9 |  9.1
Invocations    | 1 3 4 5 6 7 8 9 |  9.6
Transmutations | 2 |  2.0
Translocations | 1 |  1.0
Poison Magic   | 1 |  1.0
Spellcasting   | 1 |  1.2
Hexes          | 1 |  1.0
Charms         | 1 |  1.0

Action                   |  1- 3 |  4- 6 |  7- 9 | 10-12 | 13-15 || total
-------------------------+-------+-------+-------+-------+-------++-------
Melee: War axe           |   111 |   144 |   211 |   535 |   801 ||  1802
       Headbutt          |    14 |    28 |    44 |   142 |   236 ||   464
       Flail             |       |       |       |    22 |     4 ||    26
Invok: Cleansing Flame   |       |       |       |       |     1 ||     1
Evoke: Wand              |       |     3 |       |    20 |    27 ||    50
  Use: Scroll            |     6 |     5 |     4 |     8 |    14 ||    37
       Potion            |       |       |     2 |     3 |    11 ||    16
  Eat: Chunk             |     2 |     6 |     9 |    15 |    15 ||    47
       Ration            |       |       |       |     3 |     4 ||     7
Armor: Scale mail        |    68 |    28 |       |       |       ||    96
       Chain mail        |       |    27 |    29 |       |       ||    56
       Plate armour      |       |       |    65 |   271 |   349 ||   685
Dodge: Dodged            |    32 |    29 |    42 |   155 |   264 ||   522
Block: Shield            |    83 |    71 |   104 |   337 |   516 ||  1111
